 Dungeon Crawl Stone Soup version 0.30-a0-618-gd6c86c23d0 (webtiles) character file.

Game seed: 6906489153739324146

8765 themarg the Martial Artist (level 11, -15/100 HPs)
             Began as a Gnoll Transmuter on Jan 9, 2023.
             Was an Initiate of Gozag.
             Killed by the air
             ... invoked by Gastronok
              (34 damage)
             ... on level 10 of the Dungeon.
             The game lasted 00:34:54 (11596 turns).

themarg the Martial Artist (Gnoll Transmuter)      Turns: 11596, Time: 00:34:54

Health: -15/100    AC:  8    Str:  9    XL:     11   Next: 36%
Magic:  21/23      EV: 18    Int: 17    God:    Gozag
Gold:   1191       SH:  0    Dex: 13    Spells: 16/26 levels left

rFire   x . .      SeeInvis +      - Unarmed
rCold   + + +      Faith    .    (shield currently unavailable)
rNeg    . . .      Spirit   .    (body armour currently unavailable)
rPois   +          Reflect  .    (helmet currently unavailable)
rElec   .          Harm     .    (cloak currently unavailable)
rCorr   .          Rampage  .    (gloves currently unavailable)
Will    .....                    (boots currently unavailable)
Stlth   +++                      D - amulet of the acrobat
HPRegen 0.36/turn                g - +5 ring of evasion
MPRegen 0.18/turn                R - ring of see invisible

@: ice-form
A: freezing attack, amphibious, boosted hp, large, (fangs 1), strong nose,
distributed training
a: End Transformation, Renounce Religion, Potion Petition, Call Merchant, Bribe
Branch


You were on level 10 of the Dungeon.
You worshipped Gozag.
Gozag was most pleased with you.
You were a creature of crystalline ice.
You visited 2 branches of the dungeon, and saw 11 of its levels.

You collected 1850 gold pieces.
You paid 659 gold pieces to Gozag.

Inventory:

Missiles
 h - 3 boomerangs of dispersal (quivered)
 i - 3 silver javelins
 l - 11 throwing nets
 u - a curare-tipped dart
 y - 120 stones
 G - 4 boomerangs
Armour
 a - a +0 robe (melded)
 d - a +0 pair of gloves (melded)
 q - a +0 buckler (melded)
 F - a +0 pair of boots (melded)
 O - a +2 cloak (melded)
Jewellery
 g - a +5 ring of evasion (left front paw)
 D - an amulet of the acrobat (around neck)
 M - an amulet of reflection
 R - a ring of see invisible (right front paw)
Wands
 B - a wand of paralysis (16)
 I - a wand of polymorph (3)
 K - a wand of flame (7)
 P - a wand of roots (2)
Scrolls
 b - a scroll of vulnerability {unknown}
 f - 2 scrolls of enchant weapon {unknown}
 j - 2 scrolls of amnesia {unknown}
 k - 4 scrolls of immolation
 m - 4 scrolls of magic mapping {unknown}
 o - a scroll of teleportation
 r - a scroll of enchant armour {unknown}
 v - 2 scrolls of poison {unknown}
 A - 2 scrolls of brand weapon {unknown}
 J - a scroll of noise {unknown}
 Q - a scroll of fear {unknown}
 S - a scroll of fog {unknown}
 T - a scroll of acquirement {unknown}
Potions
 c - 4 potions of flight
 e - 2 potions of lignification
 n - 2 potions of curing
 p - a potion of resistance
 s - 3 potions of brilliance
 t - a potion of magic {unknown}
 w - a potion of might {unknown}
 x - 2 potions of haste
 C - a potion of berserk rage
 E - a potion of attraction {unknown}
 H - a potion of cancellation {unknown}
 L - a potion of invisibility
 N - 3 potions of mutation {unknown}


   Skills:
 + Level 7.0 Fighting
 + Level 6.4 Short Blades
 + Level 6.4 Long Blades
 + Level 6.4 Axes
 + Level 6.4 Maces & Flails
 + Level 6.4 Polearms
 + Level 6.4 Staves
 + Level 6.4 Ranged Weapons
 + Level 6.4 Throwing
 + Level 6.4 Armour
 + Level 8.0 Dodging
 + Level 6.4 Stealth
 + Level 6.4 Shields
 + Level 9.3 Unarmed Combat
 + Level 8.2 Spellcasting
 + Level 5.3 Conjurations
 + Level 5.3 Hexes
 + Level 5.3 Summonings
 + Level 5.3 Necromancy
 + Level 5.3 Translocations
 + Level 6.6 Transmutations
 + Level 5.3 Fire Magic
 + Level 5.3 Ice Magic
 + Level 5.3 Air Magic
 + Level 5.3 Earth Magic
 + Level 5.3 Poison Magic
 + Level 7.1 Invocations
 + Level 6.4 Evocations


You had 16 spell levels left.
You knew the following spells:

 Your Spells              Type           Power      Damage    Failure   Level
a - Beastly Appendage     Tmut           58%        N/A       1%          1
b - Wereblood             Tmut           29%        N/A       1%          2
c - Spider Form           Tmut/Pois      27%        N/A       2%          3
d - Ice Form              Ice/Tmut       27%        N/A       9%          4

Your spell library contained the following spells:

 Spells                   Type           Power      Damage    Failure   Level
 Apportation              Tloc           50%        N/A       1%          1
 Freeze                   Ice            100%       1d10      1%          1
 Necrotise                Necr           100%       1d9       1%          1
 Ensorcelled Hibernation  Hex/Ice        50%        N/A       1%          2
 Passwall                 Tmut/Erth      22%        N/A       1%          2
 Ignite Poison            Fire/Tmut/Pois 26%        N/A       2%          3
 Frozen Ramparts          Ice            50%        1d8       3%          3
 Hailstorm                Conj/Ice       25%        3d7       3%          3
 Kindle Blastsparks       Fire/Tloc/Air  50%        2d14      3%          3
 Ozocubu's Armour         Ice            25%        N/A       3%          3
 Portal Projectile        Hex/Tloc       50%        N/A       3%          3
 Swiftness                Air            25%        N/A       3%          3
 Tukima's Dance           Hex            25%        N/A       3%          3
 Vampiric Draining        Necr           25%        2d7       3%          3
 Fulminant Prism          Conj/Hex       12%        3d9       11%         4
 Iskenderun's Mystic Bla  Conj/Tloc      25%        2d7       11%         4
 Sticky Flame             Conj/Fire      25%        2d5       11%         4
 Blade Hands              Tmut           14%        N/A       19%         5
 Alistair's Intoxication  Tmut/Pois      18%        N/A       24%         5
 Agony                    Necr           25%        N/A       30%         5
 Borgnjor's Vile Clutch   Necr/Erth      12%        N/A       30%         5
 Lee's Rapid Deconstruct  Erth           12%        3d9*      30%         5
 Death Channel            Necr           12%        N/A       86%         6
 Ozocubu's Refrigeration  Ice            12%        4d10      100%        7
 Ignition                 Fire           12%        3d6       100%        8
 Animate Dead             Necr           Unusable   N/A       N/A         4

Dungeon Overview and Level Annotations

Branches:
Dungeon (10/15)            Temple (1/1) D:5
   Lair: D:8-11         Orc: D:9-12

Altars:
Ashenzari
Cheibriados
Dithmenos
Elyvilon
Fedhas
Gozag
Hepliaklqana
Kikubaaqudgha
Makhleb
Okawaru
Qazlal
Ru
Sif Muna
Trog
Uskayaw
Vehumet
Wu Jian
Xom
Yredelemnul
Zin
The Shining One

Shops:
D:3 (   D:6 (

Annotations:
D:8 3 runed translucent doors, exclusion: 3 doors, demibob's ghost, novice DsCK
D:10 Gastronok


Innate Abilities, Weirdness & Mutations

You are a creature of crystalline ice.
You have a powerful freezing melee attack.
You are amphibious.
Your maximum health is increased.
Your armour is entirely melded.
You are incapable of wielding weapons or throwing items.
((You have very sharp teeth.))
Your uncanny sense of smell can sniff out nearby items.
Your experience applies equally to all skills.


Message History

The roots release their grip on Gastronok.
You punch Gastronok! You freeze Gastronok.
Gastronok is heavily wounded.
Gastronok bites you!!
* * * LOW HITPOINT WARNING * * *
Okay, then.
Aiming: Fastroot
Press: ? - help, Shift-Dir - straight line, f/p - Gastronok
Aim: Gastronok, wearing a +0 hat of stealth (blue smoke, heavily wounded)
The roots erupt in riotous growth!
Roots grab Gastronok.
The grasping roots constrict Gastronok.
The grasping roots constrict Gastronok!
Gastronok struggles to escape constriction.
Aiming: Paralyse
Press: ? - help, Shift-Dir - straight line, f/p - Gastronok
Aim: Gastronok, wearing a +0 hat of stealth (severely wounded, constricted by roots, chance to affect: 16%)
Okay, then.
Aiming: Throw Flame
Press: ? - help, Shift-Dir - straight line, f/p - Gastronok
Aim: Gastronok, wearing a +0 hat of stealth (severely wounded, constricted by roots, 100% to hit)
The puff of flame hits Gastronok!
Gastronok is severely wounded.
The grasping roots constrict Gastronok!
The roots release their grip on Gastronok.
Aiming: Throw Flame
Press: ? - help, Shift-Dir - straight line, f/p - Gastronok
Aim: Gastronok, wearing a +0 hat of stealth (severely wounded, 100% to hit)
The puff of flame hits Gastronok!
Gastronok is almost dead.
You hit Gastronok. You freeze Gastronok.
Gastronok is almost dead.
You hit Gastronok. You freeze Gastronok.
Gastronok is almost dead.
You punch Gastronok! You freeze Gastronok.
Gastronok is almost dead.
Gastronok waves his eye-stalks in wide circles.
The air twists around and strikes you!!
You die...
Your body crumbles into a pile of gold.

..........#
..# .........#
...# ........#
...#
#..$.####...#
#(..........#.
#.............
######..#####
#....w.....#
#....Y.....#
#..<.......#
######.....#
.....# .....#
.....# .....#
.##..#


You could see Gastronok.

Vanquished Creatures
  A centaur warrior (D:8)
  2 two-headed ogres
  A boulder beetle (D:8)
  The ghost of bande the Cleaver, a novice GrFi of Okawaru (D:6)
  A cyclops (D:8)
  Joseph (D:7)
  A hornet (D:9)
  2 wraiths
  2 steam dragons
  Menkaure (D:5)
  A water moccasin (D:7)
  An orc warrior (D:6)
  2 sky beasts (D:7)
  A black bear (D:5)
  An ogre (D:5)
  4 centaurs
  3 phantoms
  A kobold brigand (D:9)
  A necrophage (D:5)
  7 gnoll sergeants
  3 scorpions
  3 bullfrogs
  7 wights (D:9)
  A killer bee (D:8)
  3 howler monkeys
  8 hounds
  6 jellies
  4 orc priests
  5 gnoll boudas
  4 iguanas
  10 orc wizards
  58 gnolls
  11 adders
  A white imp (D:7)
  A worm (D:3)
  5 dart slugs
  58 orcs
  6 ball pythons
  6 endoplasms
  8 giant cockroaches
  8 goblins
  8 hobgoblins
  20 jackals
  16 kobolds
  6 quokkas
  3 bats (D:2)
  3 frilled lizards
  6 rats
313 creatures vanquished.

Vanquished Creatures (others)
  A jackal (D:9)
  9 fungi (D:5)
  8 plants
18 creatures vanquished.

Grand Total: 331 creatures vanquished

Notes
Turn   | Place    | Note
-------+----------+-------------------------------------------
     0 | D:1      | themarg the Gnoll Transmuter began the quest for the Orb.
     0 | D:1      | Reached XP level 1. HP: 17/17 MP: 6/6
   147 | D:1      | Reached XP level 2. HP: 13/23 MP: 7/7
   150 | D:1      | Learned a level 2 spell: Wereblood
   453 | D:1      | Reached skill level 5 in Spellcasting
   453 | D:1      | Reached XP level 3. HP: 25/28 MP: 7/9
   457 | D:1      | Learned a level 3 spell: Spider Form
   801 | D:1      | Reached skill level 1 in Invocations
  1293 | D:2      | Reached skill level 1 in Short Blades
  1293 | D:2      | Reached skill level 1 in Long Blades
  1293 | D:2      | Reached skill level 1 in Axes
  1293 | D:2      | Reached skill level 1 in Maces & Flails
  1293 | D:2      | Reached skill level 1 in Polearms
  1293 | D:2      | Reached skill level 1 in Staves
  1293 | D:2      | Reached skill level 1 in Ranged Weapons
  1293 | D:2      | Reached skill level 1 in Throwing
  1293 | D:2      | Reached skill level 1 in Armour
  1293 | D:2      | Reached skill level 1 in Stealth
  1293 | D:2      | Reached skill level 1 in Shields
  1293 | D:2      | Reached skill level 1 in Evocations
  1310 | D:2      | Reached XP level 4. HP: 20/34 MP: 4/11
  1398 | D:2      | Reached skill level 1 in Conjurations
  1398 | D:2      | Reached skill level 1 in Hexes
  1398 | D:2      | Reached skill level 1 in Summonings
  1398 | D:2      | Reached skill level 1 in Necromancy
  1398 | D:2      | Reached skill level 1 in Translocations
  1398 | D:2      | Reached skill level 1 in Fire Magic
  1398 | D:2      | Reached skill level 1 in Ice Magic
  1398 | D:2      | Reached skill level 1 in Air Magic
  1398 | D:2      | Reached skill level 1 in Earth Magic
  1398 | D:2      | Reached skill level 1 in Poison Magic
  1782 | D:2      | Reached XP level 5. HP: 13/40 MP: 12/12
  2623 | D:3      | Found Gethudwu's Weapon Shop.
  2704 | D:3      | Found a burning altar of Makhleb.
  2947 | D:3      | Found a faded altar of an unknown god.
  3044 | D:3      | Found a hazy altar of Hepliaklqana.
  3235 | D:4      | Reached XP level 6. HP: 47/47 MP: 7/13
  3247 | D:4      | Reached skill level 5 in Dodging
  3990 | D:4      | Reached skill level 7 in Unarmed Combat
  3990 | D:4      | Reached XP level 7. HP: 39/52 MP: 5/15
  4146 | D:4      | Found a radiant altar of Vehumet.
  4157 | D:4      | Found a hide-covered altar of Uskayaw.
  4267 | D:5      | Entered Level 5 of the Dungeon
  4662 | D:5      | Found a glowing silver altar of Zin.
  4662 | D:5      | Noticed an angel
  4922 | D:5      | Noticed Menkaure
  4952 | D:5      | Killed Menkaure
  4953 | D:5      | Reached XP level 8. HP: 37/60 MP: 12/16
  4988 | D:5      | Paralysed by a gnoll for 2 turns
  5451 | D:5      | Found a staircase to the Ecumenical Temple.
  5460 | Temple   | Entered the Ecumenical Temple
  5712 | Temple   | Became a worshipper of Gozag Ym Sagoz the Greedy
  6328 | D:6      | Found Qiehodok's Antique Weapon Boutique.
  6348 | D:6      | Reached skill level 5 in Transmutations
  6451 | D:6      | Found a blossoming altar of Fedhas.
  6453 | D:6      | Reached XP level 9. HP: 66/66 MP: 15/18
  6453 | D:6      | Found an ancient bone altar of Kikubaaqudgha.
  6460 | D:6      | Learned a level 4 spell: Ice Form
  6806 | D:6      | Found a runed translucent gate.
  6806 | D:6      | Found a runed translucent gate.
  6806 | D:6      | Found a runed translucent gate.
  6810 | D:6      | Noticed bande's ghost (novice GrFi)
  6890 | D:6      | Found an ornate altar of the Wu Jian Council.
  7078 | D:6      | Reached skill level 5 in Fighting
  7428 | D:7      | Reached skill level 8 in Unarmed Combat
  7658 | D:7      | Reached skill level 5 in Invocations
  7933 | D:7      | Found a shimmering blue altar of Sif Muna.
  8111 | D:7      | Noticed Joseph
  8125 | D:7      | Killed Joseph
  8601 | D:8      | Found a snail-covered altar of Cheibriados.
  8624 | D:8      | Reached skill level 5 in Short Blades
  8624 | D:8      | Reached skill level 5 in Long Blades
  8624 | D:8      | Reached skill level 5 in Axes
  8624 | D:8      | Reached skill level 5 in Maces & Flails
  8624 | D:8      | Reached skill level 5 in Polearms
  8624 | D:8      | Reached skill level 5 in Staves
  8624 | D:8      | Reached skill level 5 in Ranged Weapons
  8624 | D:8      | Reached skill level 5 in Throwing
  8624 | D:8      | Reached skill level 5 in Armour
  8624 | D:8      | Reached skill level 5 in Stealth
  8624 | D:8      | Reached skill level 5 in Shields
  8624 | D:8      | Reached skill level 5 in Evocations
  8688 | D:8      | Reached XP level 10. HP: 76/76 MP: 15/20
  8763 | D:8      | Found a runed translucent gate.
  8764 | D:8      | Found a runed translucent gate.
  8764 | D:8      | Noticed demibob's ghost (novice DsCK)
  8765 | D:8      | Found a runed translucent gate.
  8766 | D:8      | Identified the +12 chain mail "Fileosmy" {rC+ Str-4 Int+2}
  8980 | D:8      | Noticed a two-headed ogre
  8985 | D:8      | Killed a two-headed ogre
  9059 | D:8      | Noticed a centaur warrior
  9061 | D:8      | Noticed a cyclops
  9153 | D:8      | Noticed a boulder beetle
  9178 | D:8      | Killed a boulder beetle
 10372 | D:9      | Found an iron altar of Okawaru.
 10594 | D:9      | Reached skill level 9 in Unarmed Combat
 10833 | D:6      | Reached skill level 5 in Conjurations
 10833 | D:6      | Reached skill level 5 in Hexes
 10833 | D:6      | Reached skill level 5 in Summonings
 10833 | D:6      | Reached skill level 5 in Necromancy
 10833 | D:6      | Reached skill level 5 in Translocations
 10833 | D:6      | Reached skill level 5 in Fire Magic
 10833 | D:6      | Reached skill level 5 in Ice Magic
 10833 | D:6      | Reached skill level 5 in Air Magic
 10833 | D:6      | Reached skill level 5 in Earth Magic
 10833 | D:6      | Reached skill level 5 in Poison Magic
 10848 | D:6      | Killed bande's ghost
 10849 | D:6      | Reached XP level 11. HP: 83/83 MP: 15/23
 11036 | D:8      | Killed a centaur warrior
 11251 | D:8      | Killed a cyclops
 11373 | D:10     | Entered Level 10 of the Dungeon
 11392 | D:10     | Noticed a two-headed ogre
 11397 | D:10     | Noticed Gastronok
 11412 | D:9      | Killed a two-headed ogre
 11596 | D:10     | Killed from afar by Gastronok

Illustrated notes

Levels and vault maps discovered:
D:1:      lemuel_arrival_lava_pool, layout_basic, minmay_hexomino_f4
D:2:      layout_loops_cross
D:3:      cheibrodos_helix_gallery, layout_loops_ring,
          nicolae_overflow_crystal_walls, lemuel_coloured_pillars_altar,
          serial_shops, shop, basic_ecumenical_altar
D:4:      layout_cave_pools, minitemple, abandoned_shop
D:5:      lemuel_castle_with_subvaults [lemuel_castle_interior_carwin_3],
          layout_basic, zin_angel, minmay_temple_entry_offerings,
          serial_aquarium, aquarium_bridge_square [aquarium_subvault_bridge,
          aquarium_subvault_balcony, aquarium_subvault_balcony,
          aquarium_subvault_bridge], aquarium_window_1, aquarium_window_corner,
          aquarium_view_2c, aquarium_balcony_5b, aquarium_pool_side,
          st_stairs_8, uniq_menkaure
D:6:      layout_rooms, grunt_temple_overflow_growth_and_decay,
          nicolae_wu_jian_immortal_techniques, gammafunk_ghost_split,
          serial_shops, shop_fountains, nicolae_elevator_lobby_plus
D:7:      layout_loops_corners, mainiacjoe_overflow_chevrons, uniq_joseph
D:8:      layout_cave_pools, mainiacjoe_overflow_catwalk,
          biasface_ghost_orc_armoury, minmay_shattered_shrine
D:9:      layout_cave_pools, okawaru_altar_gauntlet_db, serial_gnoll_camp,
          gnoll_camp_mini_sergeant, gnoll_camp_medium_02, gnoll_camp_mini_hut,
          gnoll_camp_mini_loothouse, gnoll_camp_mini_house,
          gnoll_camp_huts_basic
D:10:     layout_grid_maze, mainiacjoe_overflow_paths, erik_lair_island,
          uniq_gastronok
Temple:   dpeg_chambers_temple

Skill      XL: |  1  2  3  4  5  6  7  8  9 10 11 |
---------------+----------------------------------+-----
Spellcasting   | 5 6 7 8 |  8.2
Invocations    | 1 2 3 4 5 6 7 |  7.1
Short Blades   | 1 2 3 5 6 |  6.4
Long Blades    | 1 2 3 5 6 |  6.4
Axes           | 1 2 3 5 6 |  6.4
Maces & Flails | 1 2 3 5 6 |  6.4
Polearms       | 1 2 3 5 6 |  6.4
Staves         | 1 2 3 5 6 |  6.4
Ranged Weapons | 1 2 3 5 6 |  6.4
Throwing       | 1 2 3 5 6 |  6.4
Armour         | 1 2 3 5 6 |  6.4
Stealth        | 1 2 3 5 6 |  6.4
Shields        | 1 2 3 5 6 |  6.4
Evocations     | 1 2 3 5 6 |  6.4
Conjurations   | 1 2 3 4 5 |  5.3
Hexes          | 1 2 3 4 5 |  5.3
Summonings     | 1 2 3 4 5 |  5.3
Necromancy     | 1 2 3 4 5 |  5.3
Translocations | 1 2 3 4 5 |  5.3
Fire Magic     | 1 2 3 4 5 |  5.3
Ice Magic      | 1 2 3 4 5 |  5.3
Air Magic      | 1 2 3 4 5 |  5.3
Earth Magic    | 1 2 3 4 5 |  5.3
Poison Magic   | 1 2 3 4 5 |  5.3
Fighting       | 3 4 5 6 7 |  7.0
Transmutations | 4 5 6 |  6.6
Dodging        | 5 6 7 8 |  8.0
Unarmed Combat | 7 8 9 |  9.3

Action                   |  1- 3 |  4- 6 |  7- 9 | 10-12 || total
-------------------------+-------+-------+-------+-------++-------
Melee: Unarmed           |    70 |   200 |   376 |   238 ||   884
       Kick              |    11 |     8 |       |       ||    19
       Bite              |     5 |     4 |     2 |       ||    11
       Punch             |     2 |       |       |       ||     2
       Headbutt          |     5 |     9 |       |       ||    14
Throw: Stone             |       |    17 |       |       ||    17
       Boomerang         |       |     1 |       |       ||     1
 Cast: Beastly Appendage |    16 |    17 |       |       ||    33
       Spider Form       |     2 |    26 |    37 |     7 ||    72
       Wereblood         |     2 |     4 |    13 |     7 ||    26
       Ice Form          |       |       |    18 |    22 ||    40
Invok: Potion Petition   |       |       |       |     1 ||     1
Evoke: Wand              |       |       |       |     5 ||     5
  Use: Potion            |     2 |     2 |     1 |     3 ||     8
       Scroll            |       |     1 |     3 |     3 ||     7
 Stab: Sleeping          |     1 |     3 |     3 |     3 ||    10
       Distracted        |       |       |       |     4 ||     4
Armor: Robe              |     9 |    19 |     2 |       ||    30
       Skin              |     2 |    19 |    20 |    42 ||    83
Dodge: Dodged            |    40 |   190 |   347 |   216 ||   793

Table legend: (Time is in decaauts)
 A = Elapsed time spent in this place.
 B = Non-inter-level travel time spent in this place.
 C = Inter-level travel time spent in this place.
 D = Time resting spent in this place.
 E = Time spent auto-exploring this place.
 F = Levels seen in this place.
 G = Mean time per level.
                   A        B        C        D        E       F      G
               +--------+--------+--------+--------+--------+-----+--------+
         Total |  11471 |  11144 |    327 |    440 |   8335 |  11 | 1042.8 |
       Dungeon |  11205 |  10890 |    315 |    440 |   8110 |  10 | 1120.5 |
        Temple |    265 |    253 |     12 |      0 |    225 |   1 |  265.0 |
               +--------+--------+--------+--------+--------+-----+--------+

Top non-repeatable levels by time:
     D:5: 1682 daAuts
     D:8: 1511 daAuts
     D:9: 1350 daAuts
     D:1: 1216 daAuts
     D:7: 1178 daAuts
     D:6: 1166 daAuts
     D:4: 1063 daAuts
     D:2: 1058 daAuts
     D:3: 930 daAuts
  Temple: 265 daAuts
    D:10: 46 daAuts
